TOP OF THE 1ST |
Calgary Cowboys batting - Pitching for Mexico City Cerveceros : RHP Josh Schmitt
|
Pitching: RHP Josh Schmitt
|
|
Batting: RHB Luis Peña
|
0-0: Ball 1-0: Fly out, F7 (Flyball, 78M)
|
Batting: RHB Jorge Balencia
|
0-0: Ball 1-0: Ground out 6-3 (Groundball, 6)
|
Batting: LHB José Liñares
|
0-0: Called Strike 0-1: Called Strike 0-2: Ball 1-2: Foul Ball, location: 2F 1-2: Ground out 3-1 (Groundball, 23)
|
Top of the 1st over - 0 run(s), 0 hit(s), 0 error(s), 0 left on base; Calgary 0 - Mexico City 0 |
BOTTOM OF THE 1ST |
Mexico City Cerveceros batting - Pitching for Calgary Cowboys : RHP Abraham Hes
|
Pitching: RHP Abraham Hes
|
|
Batting: LHB John Nicholson
|
0-0: Called Strike 0-1: Ball 1-1: SINGLE (Flyball, 78S)
|
Batting: RHB Roberto Zamora
|
0-0: Ball 1-0: Ball 2-0: Ball 3-0: Called Strike 3-1: Base on Balls John Nicholson to second
|
Batting: RHB Arnold Harmon
|
0-0: Fielders Choice at 2nd, 6-4 (Groundball, 6) John Nicholson to third
|
Batting: RHB Hamilton Holbrook
|
0-0: Ball Arnold Harmon steals 2nd base 1-0: Foul Ball, location: 2F 1-1: Ball 2-1: Ball 3-1: Foul Ball, location: 2F 3-2: Base on Balls
|
Batting: RHB Murai Ishihara
|
0-0: Swinging Strike 0-1: Foul Ball, location: 2F 0-2: Ball 1-2: Foul Ball, location: 2F 1-2: Ball 2-2: Ball 3-2: Base on Balls John Nicholson scores Arnold Harmon to third Hamilton Holbrook to second
|
Batting: RHB Dennis Stephenson
|
0-0: Called Strike 0-1: Ball 1-1: Ball 2-1: Ball 3-1: Base on Balls Arnold Harmon scores Hamilton Holbrook to third Murai Ishihara to second
|
Batting: RHB Dave Morgan
|
0-0: Swinging Strike 0-1: Called Strike 0-2: Ball 1-2: Ball 2-2: Fly out, F3 (Popup, 3L)
|
Batting: LHB Gary Kern
|
0-0: Ball 1-0: Ball 2-0: Called Strike 2-1: Ball 3-1: Base on Balls Hamilton Holbrook scores Murai Ishihara to third Dennis Stephenson to second
|
Batting: LHB Don Soper
|
0-0: Foul Ball, location: 2F 0-1: Ball 1-1: Called Strike 1-2: Foul Ball, location: 2F Balk! Murai Ishihara scores Dennis Stephenson to third Gary Kern to second 1-2: Foul Ball, location: 2F 1-2: Ball 2-2: Foul Ball, location: 2F 2-2: Ground out 5-3 (Groundball, 56S)
|
Bottom of the 1st over - 4 run(s), 1 hit(s), 0 error(s), 2 left on base; Calgary 0 - Mexico City 4 |
TOP OF THE 2ND |
Calgary Cowboys batting - Pitching for Mexico City Cerveceros : RHP Josh Schmitt
|
Batting: RHB Todd Bryant
|
0-0: SINGLE (Line Drive, 7S)
|
Batting: RHB Ramón Martínez
|
0-0: Ball 1-0: Called Strike 1-1: Called Strike 1-2: DOUBLE (Flyball, 9LM) Todd Bryant to third
|
Batting: RHB Derek Carr
|
0-0: Swinging Strike 0-1: Ball 1-1: Ball 2-1: Foul Ball, location: 2F 2-2: Strikes out looking
|
Batting: RHB Shayne Burry
|
0-0: Ball 1-0: Foul Ball, location: 2F 1-1: Called Strike 1-2: Ball 2-2: DOUBLE (Line Drive, 7LS) Todd Bryant scores Ramón Martínez scores
|
Batting: RHB Dan Wyatt
|
0-0: Called Strike 0-1: Ball 1-1: Called Strike 1-2: Ball 2-2: Foul Ball, location: 2F 2-2: Ball 3-2: Base on Balls
|
Batting: RHB Mario Sánchez
|
0-0: Foul Ball, location: 2F 0-1: Called Strike 0-2: Foul Ball, location: 2F 0-2: Foul Ball, location: 2F 0-2: Fly out, F7 (Flyball, 78M)
|
Batting: RHB Luis Peña
|
0-0: Called Strike 0-1: Ball 1-1: Ball 2-1: Foul Ball, location: 2F 2-2: Fly out, F9 (Flyball, 9D)
|
Top of the 2nd over - 2 run(s), 3 hit(s), 0 error(s), 2 left on base; Calgary 2 - Mexico City 4 |
BOTTOM OF THE 2ND |
Mexico City Cerveceros batting - Pitching for Calgary Cowboys : RHP Abraham Hes
|
Batting: LHB John Nicholson
|
0-0: Called Strike 0-1: Ball 1-1: Ball 2-1: Swinging Strike 2-2: Ball 3-2: Base on Balls
|
Batting: RHB Roberto Zamora
|
0-0: Ball 1-0: Ball 2-0: Foul Ball, location: 2F 2-1: Ball 3-1: DOUBLE (Line Drive, 78D) John Nicholson to third
|
Batting: RHB Arnold Harmon
|
0-0: Foul Ball, location: 2F 0-1: Fly out, F9 (Flyball, 9S) Runner from 3rd tags up, SCORES, throw made
|
Batting: RHB Hamilton Holbrook
|
0-0: Ball 1-0: Ground out 4-3 (Groundball, 4) Roberto Zamora to third
|
Batting: RHB Murai Ishihara
|
0-0: SINGLE (Groundball, 56D) Roberto Zamora scores
|
Pitching: LHP Takayuki Ine
|
|
Batting: RHB Dennis Stephenson
|
0-0: Hit by Pitch Murai Ishihara to second
|
Batting: RHB Dave Morgan
|
0-0: 3-RUN HOME RUN (Line Drive, 7LD), Distance : 360 ft
|
Batting: LHB Gary Kern
|
0-0: Ball 1-0: Called Strike 1-1: Foul Ball, location: 2F 1-2: Foul Ball, location: 2F 1-2: TRIPLE (Line Drive, 56D)
|
Batting: LHB Don Soper
|
0-0: DOUBLE (Flyball, 78XD) Gary Kern scores
|
Pitching: RHP Daniel Recchi
|
|
Batting: LHB John Nicholson
|
0-0: Called Strike 0-1: Ball 1-1: Foul Ball, location: 2F 1-2: Foul Ball, location: 2F 1-2: Ball 2-2: Ball 3-2: SINGLE (Line Drive, 89S) Don Soper to third Don Soper scores
|
Batting: RHB Roberto Zamora
|
0-0: SINGLE (Line Drive, 89S) John Nicholson to second
|
Batting: RHB Arnold Harmon
|
0-0: Ball 1-0: Fly out, F3 (Popup, 3L)
|
Bottom of the 2nd over - 7 run(s), 7 hit(s), 0 error(s), 2 left on base; Calgary 2 - Mexico City 11 |
TOP OF THE 3RD |
Calgary Cowboys batting - Pitching for Mexico City Cerveceros : RHP Josh Schmitt
|
Batting: RHB Jorge Balencia
|
0-0: Swinging Strike 0-1: Ball 1-1: Fly out, F8 (Flyball, 8LD)
|
Batting: LHB José Liñares
|
0-0: Called Strike 0-1: SINGLE (Line Drive, 9S)
|
Batting: RHB Todd Bryant
|
0-0: Swinging Strike 0-1: Ball 1-1: Swinging Strike 1-2: Strikes out swinging
|
Batting: RHB Ramón Martínez
|
0-0: Ball 1-0: Ball 2-0: Foul Ball, location: 2F 2-1: Ball Wild Pitch! José Liñares to second 3-1: Foul Ball, location: 2F 3-2: Fly out, F4 (Popup, 4S)
|
Top of the 3rd over - 0 run(s), 1 hit(s), 0 error(s), 1 left on base; Calgary 2 - Mexico City 11 |
BOTTOM OF THE 3RD |
Mexico City Cerveceros batting - Pitching for Calgary Cowboys : RHP Daniel Recchi
|
Batting: RHB Hamilton Holbrook
|
0-0: Swinging Strike 0-1: Ball 1-1: Foul Ball, location: 2F 1-2: SINGLE (Flyball, 9S)
|
Batting: RHB Murai Ishihara
|
0-0: Ball 1-0: Ball 2-0: Ball 3-0: Called Strike 3-1: Foul Ball, location: 2F 3-2: Strikes out swinging
|
Batting: RHB Dennis Stephenson
|
0-0: Called Strike 0-1: Foul Ball, location: 2F 0-2: Ball Balk! Hamilton Holbrook to second 1-2: Ball 2-2: Ball 3-2: Fly out, F9 (Line Drive, 89D) Runner from 2nd tags up, SAFE at 3rd, no throw
|
Batting: RHB Dave Morgan
|
0-0: Ball 1-0: Swinging Strike 1-1: Ball 2-1: Fly out, F9 (Flyball, 9S)
|
Bottom of the 3rd over - 0 run(s), 1 hit(s), 0 error(s), 1 left on base; Calgary 2 - Mexico City 11 |
TOP OF THE 4TH |
Calgary Cowboys batting - Pitching for Mexico City Cerveceros : RHP Josh Schmitt
|
Batting: RHB Derek Carr
|
0-0: Foul Ball, location: 2F 0-1: Ball 1-1: Ground out 6-3 (Groundball, 6)
|
Batting: RHB Shayne Burry
|
0-0: Ball 1-0: SINGLE (Groundball, 6MD)
|
Batting: RHB Dan Wyatt
|
0-0: Ball 1-0: Foul Ball, location: 2F 1-1: Ball 2-1: Foul Ball, location: 2F 2-2: Ball 3-2: Fly out, F7 (Flyball, 7)
|
Batting: RHB Mario Sánchez
|
0-0: Ball 1-0: Swinging Strike 1-1: Ball 2-1: Foul Ball, location: 2F 2-2: Ball 3-2: DOUBLE (Groundball, 5L) Shayne Burry to third Shayne Burry scores
|
Batting: RHB Luis Peña
|
0-0: SINGLE (Line Drive, 6) Mario Sánchez to third Runner from 3rd tries for Home, SAFE, no throw
|
Batting: RHB Jorge Balencia
|
0-0: Called Strike 0-1: Ball 1-1: Ball 2-1: Swinging Strike 2-2: Ball 3-2: Strikes out swinging
|
Top of the 4th over - 2 run(s), 3 hit(s), 0 error(s), 1 left on base; Calgary 4 - Mexico City 11 |
BOTTOM OF THE 4TH |
Mexico City Cerveceros batting - Pitching for Calgary Cowboys : RHP Daniel Recchi
|
Batting: LHB Gary Kern
|
0-0: Ball 1-0: Swinging Strike 1-1: Ball 2-1: Ball 3-1: Called Strike 3-2: Ground out 3-1 (Groundball, 34)
|
Batting: LHB Don Soper
|
0-0: Ball 1-0: Called Strike 1-1: Ball 2-1: Foul Ball, location: 2F 2-2: Strikes out swinging
|
Batting: LHB John Nicholson
|
0-0: Ball 1-0: Ball 2-0: SINGLE (Flyball, 8RS)
|
Batting: RHB Roberto Zamora
|
0-0: Called Strike 0-1: Foul Ball, location: 2F 0-2: Foul Ball, location: 2F 0-2: Strikes out swinging
|
Bottom of the 4th over - 0 run(s), 1 hit(s), 0 error(s), 1 left on base; Calgary 4 - Mexico City 11 |
TOP OF THE 5TH |
Calgary Cowboys batting - Pitching for Mexico City Cerveceros : RHP Josh Schmitt
|
Batting: LHB José Liñares
|
0-0: Called Strike 0-1: Called Strike 0-2: SINGLE (Line Drive, 5D)
|
Batting: RHB Todd Bryant
|
0-0: Fly out, F3 (Popup, 34)
|
Batting: RHB Ramón Martínez
|
0-0: Foul Ball, location: 2F 0-1: SINGLE (Line Drive, 78S) José Liñares to second
|
Batting: RHB Derek Carr
|
0-0: Foul Ball, location: 2F 0-1: SINGLE (Line Drive, 6D) José Liñares to third Ramón Martínez to second
|
Batting: RHB Shayne Burry
|
0-0: Called Strike 0-1: Foul Ball, location: 2F 0-2: Fly out, F7 (Flyball, 7LM) Runner from 3rd tags up, SCORES, no throw
|
Batting: RHB Dan Wyatt
|
0-0: Called Strike 0-1: Ball 1-1: Swinging Strike 1-2: Ball 2-2: Fielders Choice at 2nd, 5-4 (Groundball, 5L)
|
Top of the 5th over - 1 run(s), 3 hit(s), 0 error(s), 1 left on base; Calgary 5 - Mexico City 11 |
BOTTOM OF THE 5TH |
Mexico City Cerveceros batting - Pitching for Calgary Cowboys : RHP Daniel Recchi
|
Batting: RHB Arnold Harmon
|
0-0: Called Strike 0-1: SOLO HOME RUN (Flyball, 7LD), Distance : 340 ft
|
Batting: RHB Hamilton Holbrook
|
0-0: Ball 1-0: Ground out 4-3 (Groundball, 4)
|
Pitching: RHP Arthur Benson
|
|
Batting: RHB Murai Ishihara
|
0-0: Ball 1-0: Fly out, F7 (Flyball, 7LS)
|
Batting: RHB Dennis Stephenson
|
0-0: Ball 1-0: Swinging Strike 1-1: Called Strike 1-2: Strikes out swinging
|
Bottom of the 5th over - 1 run(s), 1 hit(s), 0 error(s), 0 left on base; Calgary 5 - Mexico City 12 |
TOP OF THE 6TH |
Calgary Cowboys batting - Pitching for Mexico City Cerveceros : RHP Josh Schmitt
|
Pitching: LHP Doug Starks
|
|
Batting: RHB Mario Sánchez
|
0-0: Ball 1-0: Ball 2-0: Ball 3-0: Called Strike 3-1: Base on Balls
|
Batting: RHB Luis Peña
|
0-0: Ball Mario Sánchez steals 2nd base 1-0: Fly out, F8 (Flyball, 8RM)
|
Batting: RHB Jorge Balencia
|
0-0: Foul Ball, location: 2F 0-1: Called Strike 0-2: Strikes out swinging
|
Batting: LHB José Liñares
|
0-0: Ground out 3-1 (Groundball, 34)
|
Top of the 6th over - 0 run(s), 0 hit(s), 0 error(s), 1 left on base; Calgary 5 - Mexico City 12 |
BOTTOM OF THE 6TH |
Mexico City Cerveceros batting - Pitching for Calgary Cowboys : RHP Arthur Benson
|
Batting: RHB Dave Morgan
|
0-0: Ball 1-0: Ball 2-0: Foul Ball, location: 2F 2-1: Ball 3-1: Foul Ball, location: 2F 3-2: Ground out 5-3 (Groundball, 56S)
|
Batting: LHB Gary Kern
|
0-0: Ball 1-0: SINGLE (Groundball, 6D)
|
Batting: LHB Don Soper
|
0-0: Called Strike 0-1: Called Strike 0-2: Ball 1-2: Ball 2-2: Ball 3-2: Grounds into double play, 4-6-3 (Groundball, 4)
|
Bottom of the 6th over - 0 run(s), 1 hit(s), 0 error(s), 0 left on base; Calgary 5 - Mexico City 12 |
TOP OF THE 7TH |
Calgary Cowboys batting - Pitching for Mexico City Cerveceros : LHP Doug Starks
|
Batting: RHB Todd Bryant
|
0-0: Ball 1-0: Foul Ball, location: 2F 1-1: SOLO HOME RUN (Flyball, 7LD), Distance : 352 ft
|
Batting: RHB Ramón Martínez
|
0-0: Ball 1-0: Ball 2-0: Ball 3-0: Base on Balls
|
Batting: RHB Derek Carr
|
0-0: Foul Ball, location: 2F 0-1: Hit by Pitch Ramón Martínez to second
|
Batting: RHB Shayne Burry
|
0-0: Fly out, F7 (Line Drive, 7)
|
Batting: RHB Dan Wyatt
|
0-0: Ball 1-0: Ball 2-0: Ball 3-0: Base on Balls Ramón Martínez to third Derek Carr to second
|
Batting: RHB Mario Sánchez
|
0-0: Ball 1-0: Grounds into double play, 6-4-3 (Groundball, 6)
|
Top of the 7th over - 1 run(s), 1 hit(s), 0 error(s), 2 left on base; Calgary 6 - Mexico City 12 |
BOTTOM OF THE 7TH |
Mexico City Cerveceros batting - Pitching for Calgary Cowboys : RHP Arthur Benson
|
Batting: LHB John Nicholson
|
0-0: Ball 1-0: Called Strike 1-1: Ball 2-1: Swinging Strike 2-2: Ball 3-2: Base on Balls
|
Batting: RHB Roberto Zamora
|
0-0: Foul Ball, location: 2F 0-1: Foul Ball, location: 2F 0-2: Fly out, F6 (Popup, 56D)
|
Batting: RHB Arnold Harmon
|
0-0: Called Strike 0-1: Ball 1-1: Called Strike 1-2: DOUBLE (Flyball, 9LD) John Nicholson to third Runner from 3rd tries for Home, SAFE, no throw
|
Batting: RHB Hamilton Holbrook
|
0-0: Called Strike 0-1: Called Strike 0-2: 2-RUN HOME RUN (Flyball, 7D), Distance : 345 ft
|
Pitching: RHP Esteban Alfonzo
|
|
Batting: RHB Murai Ishihara
|
0-0: Ground out 4-3 (Groundball, 4)
|
Batting: RHB Dennis Stephenson
|
0-0: Called Strike 0-1: Called Strike 0-2: Foul Ball, location: 2F 0-2: Strikes out looking
|
Bottom of the 7th over - 3 run(s), 2 hit(s), 0 error(s), 0 left on base; Calgary 6 - Mexico City 15 |
TOP OF THE 8TH |
Calgary Cowboys batting - Pitching for Mexico City Cerveceros : LHP Doug Starks
|
Now at C: Jorge González
|
|
Now at 1B: Orlando Núñes
|
|
Now in RF: Domingo Cardona
|
|
Batting: RHB Luis Peña
|
0-0: Swinging Strike 0-1: Ground out 4-3 (Groundball, 34)
|
Batting: RHB Jorge Balencia
|
0-0: Called Strike 0-1: Foul Ball, location: 2F 0-2: SINGLE (Line Drive, 6D)
|
Batting: LHB José Liñares
|
0-0: Called Strike 0-1: Ball 1-1: Fielders Choice at 2nd, 4-6 (Groundball, 4)
|
Batting: RHB Todd Bryant
|
0-0: Ball 1-0: Ball 2-0: SINGLE (Line Drive, 56) José Liñares to second
|
Pinch Hitting: RHB Tom Rowe
|
0-0: Ball 1-0: Swinging Strike 1-1: Foul Ball, location: 2F 1-2: SINGLE (Groundball, 34D) José Liñares to third Todd Bryant to second Runner from 3rd tries for Home, SAFE, no throw
|
Batting: RHB Derek Carr
|
0-0: SINGLE (Line Drive, 6MD) Todd Bryant to third Tom Rowe to second Runner from 3rd tries for Home, SAFE, no throw
|
Pitching: LHP Rubén Rico
|
|
Batting: RHB Shayne Burry
|
0-0: Ball 1-0: Ball 2-0: Foul Ball, location: 2F 2-1: Foul Ball, location: 2F 2-2: Strikes out looking
|
Top of the 8th over - 2 run(s), 4 hit(s), 0 error(s), 2 left on base; Calgary 8 - Mexico City 15 |
BOTTOM OF THE 8TH |
Mexico City Cerveceros batting - Pitching for Calgary Cowboys : RHP Esteban Alfonzo
|
Now at SS: Tom Rowe
|
|
Batting: RHB Dave Morgan
|
0-0: Ball 1-0: Ball 2-0: Ball 3-0: Base on Balls
|
Batting: LHB Gary Kern
|
0-0: Ball 1-0: Ball 2-0: Called Strike 2-1: Foul Ball, location: 2F 2-2: Foul Ball, location: 2F 2-2: Foul Ball, location: 2F 2-2: Ball 3-2: Base on Balls Dave Morgan to second
|
Batting: LHB Don Soper
|
0-0: Ball 1-0: Called Strike 1-1: Called Strike 1-2: Strikes out swinging
|
Batting: LHB John Nicholson
|
0-0: Ball 1-0: Called Strike 1-1: Ball 2-1: Ball 3-1: Called Strike 3-2: Base on Balls Dave Morgan to third Gary Kern to second
|
Batting: RHB Roberto Zamora
|
0-0: Ball 1-0: Ball 2-0: Fly out, F7 (Flyball, 7LSF) Runner from 3rd tags up, SCORES, no throw
|
Batting: RHB Arnold Harmon
|
0-0: Called Strike 0-1: Ball 1-1: Foul Ball, location: 2F 1-2: Foul Ball, location: 2F 1-2: Ball 2-2: Ball 3-2: Strikes out swinging
|
Bottom of the 8th over - 1 run(s), 0 hit(s), 0 error(s), 2 left on base; Calgary 8 - Mexico City 16 |
TOP OF THE 9TH |
Calgary Cowboys batting - Pitching for Mexico City Cerveceros : LHP Rubén Rico
|
Now at 2B: Javier Escobedo
|
|
Batting: RHB Dan Wyatt
|
0-0: Ball 1-0: Swinging Strike 1-1: Ball 2-1: Ball 3-1: Base on Balls
|
Batting: RHB Mario Sánchez
|
0-0: Ball 1-0: Foul Ball, location: 2F 1-1: Fielders Choice at 2nd, 1-6 (Groundball, 13S)
|
Batting: RHB Luis Peña
|
0-0: Called Strike 0-1: Foul Ball, location: 2F 0-2: Foul Ball, location: 2F 0-2: Fly out, F7 (Line Drive, 7)
|
Batting: RHB Jorge Balencia
|
0-0: SINGLE (Line Drive, 34D) Mario Sánchez to second
|
Batting: LHB José Liñares
|
0-0: Called Strike 0-1: Ground out U3 (Groundball, 3)
|
Top of the 9th over - 0 run(s), 1 hit(s), 0 error(s), 2 left on base; Calgary 8 - Mexico City 16 |
|